Map: Apotheosis LE

Players

marcus

  • Race: Protoss Protoss
  • Spawn Location: 5:00

Fropez - Winner!

  • Race: Protoss Protoss
  • League: Gold
  • Spawn Location: 11:00

VOD

Have the link to the VOD?

Description

Time

  • Played on: Oct. 4, 2016, 6:20 p.m.
  • Length: 6:18
Show
View Real Time Build Order
Export as new Build Order

marcus Protoss 

Build Orders:  

Get SALT Encoding   

  12  0:20  Assimilator  
  12  0:28  Probe (Chrono Boost)  
  13  0:29  Pylon  
  13  0:38  Pylon, Probe (Chrono Boost)  
  14  0:50  Probe (Chrono Boost)  
  16  1:04  Gateway  
  16  1:11  Forge  
  15  1:15  Probe (Chrono Boost)  
  16  1:21  Assimilator  
  16  1:27  Probe (Chrono Boost)  
  17  1:37  Probe (Chrono Boost)  
  18  1:48  Probe (Chrono Boost)  
  19  1:58  Probe (Chrono Boost)  
  19  1:59  Photon Cannon  
  20  2:01  Photon Cannon  
  20  2:20  Probe (Chrono Boost)  
  21  2:31  Probe (Chrono Boost)  
  22  2:41  Probe (Chrono Boost)  
  23  3:37  Photon Cannon x2  
  23  3:47  Cybernetics Core  
  23  3:54  Pylon  
  23  4:17  Photon Cannon  
  23  4:20  Photon Cannon  
  23  4:26  Stargate  
  23  4:31  Pylon  
  23  4:32  Mothership Core (Chrono Boost)  
  25  4:53  Stargate  
  25  5:07  Pylon  
  25  5:12  Pylon, Oracle (Chrono Boost)  
  28  5:17  Pylon  
  28  5:31  Gateway  
Show
View Real Time Build Order
Export as new Build Order

Fropez Protoss - Winner!

Build Orders: 1 Gate Expand 

Get SALT Encoding   

  12  0:01  Probe (Chrono Boost)  
  13  0:23  Pylon, Probe (Chrono Boost)  
  14  0:29  Assimilator  
  14  0:34  Probe (Chrono Boost)  
  15  0:41  Gateway  
  15  0:44  Probe (Chrono Boost)  
  16  0:55  Probe (Chrono Boost)  
  17  1:05  Probe (Chrono Boost)  
  18  1:16  Probe (Chrono Boost)  
  19  1:29  Nexus  
  19  1:37  Probe (Chrono Boost)  
  20  1:43  Cybernetics Core  
  20  1:57  Probe (Chrono Boost)  
  21  2:08  Pylon, Probe (Chrono Boost)  
  22  2:18  Probe (Chrono Boost)  
  22  2:20  Pylon  
  22  2:22  Pylon  
  23  2:26  Pylon  
  23  2:34  Pylon  
  23  2:48  Probe (Chrono Boost)  
  23  2:49  Probe (Chrono Boost)  
  25  2:55  Warp Gate (Chrono Boost)  
  24  2:59  Mothership Core (Chrono Boost)  
  24  3:01  Gateway  
  24  3:03  Gateway  
  24  3:04  Adept  
  28  3:06  Probe (Chrono Boost)  
  29  3:16  Probe, Assimilator  
  30  3:26  Twilight Council  
  30  3:27  Probe  
  30  3:29  Pylon  
  30  3:31  Probe  
  32  3:35  Adept  
  34  3:41  Probe  
  34  3:43  Pylon  
  35  3:52  Adept x2  
  39  3:58  Probe  
  39  4:02  Adept  
  42  4:08  Robotics Facility  
  42  4:13  Resonating Glaives  
  42  4:19  Probe  
  42  4:20  Probe  
  42  4:21  Assimilator  
  44  4:24  Assimilator  
  44  4:30  Probe  
  45  4:47  Probe  
  45  4:49  Probe  
  47  4:55  Warp Prism  
  47  4:58  Adept x2  
  47  4:59  Adept  
  55  5:10  Pylon  
  55  5:12  Pylon  
  55  5:15  Pylon, Probe  
  55  5:17  Probe  
  55  5:18  Pylon  
  57  5:33  Observer  
  57  5:35  Stargate  
Tags
 
League
Gold
Matchup
PvP
Replay Pack
All Mines
Spawn Locations
Cross Positions
Add a new tag
Caveats
  • Supply blocks, unpowered buildings, or Contaminate may cause inaccurate times.
  • Supply counts are checked every 10 seconds.